 Dungeon Crawl Stone Soup version 0.24-b1 (webtiles) character file.

Game seed: 9241413373594964055, levelgen mode: deterministic

3080 Arixos the Charmwright (level 9, -3/47 HPs)
             Began as a Vine Stalker Skald on Oct 12, 2019.
             Was a Believer of Makhleb.
             Slain by a hog (12 damage)
             ... on level 7 of the Dungeon.
             The game lasted 00:56:04 (5871 turns).

Arixos the Charmwright (Vine Stalker Skald)         Turns: 5871, Time: 00:56:05

Health: -3/47      AC:  8    Str: 15    XL:     9   Next: 89%
Magic:  0/18       EV: 14    Int: 13    God:    Makhleb [**....]
Gold:   277        SH:  0    Dex: 16    Spells: 11/19 levels left

rFire    . . .     SeeInvis +   w - +0 long sword (elec)
rCold    . . .     Gourm    .   (no shield)
rNeg     . . .     Faith    .   t - +2 leather armour {rPois}
rPois    +         Spirit   +   n - +0 helmet
rElec    .         Reflect  .   x - +0 cloak
rCorr    .         Harm     .   y - +0 pair of gloves
MR       +....                  (no boots)
Stlth    +.........             (no amulet)
HPRegen  0.55/turn              c - ring of see invisible
MPRegen  0.16/turn              (no ring)

@: shrouded
A: fangs 3, regeneration 1, magic shield, antimagic bite, no potion heal 3, rot
immunity
a: Minor Destruction, Renounce Religion


You were on level 7 of the Dungeon.
You worshipped Makhleb.
Makhleb was pleased with you.
You were not hungry.

You visited 2 branches of the dungeon, and saw 8 of its levels.

You collected 277 gold pieces.

Inventory:

Hand Weapons
 w - a +0 long sword of electrocution (weapon)
Missiles
 i - 22 poisoned darts (quivered)
Armour
 n - a +0 helmet (worn)
 s - a +2 leather armour of cold resistance
 t - a +2 leather armour of poison resistance (worn)
 x - a +0 cloak (worn)
 y - a +0 pair of gloves (worn)
Jewellery
 c - a ring of see invisible (left hand)
Wands
 p - a wand of random effects (30)
 u - a wand of polymorph (7)
 A - a wand of enslavement (8)
Scrolls
 b - a scroll of blinking {unknown}
 e - a scroll of magic mapping {unknown}
 h - 9 scrolls of identify {unknown}
 j - 4 scrolls of teleportation {unknown}
 l - 2 scrolls of remove curse {unknown}
 o - 4 scrolls of enchant weapon {unknown}
 q - 3 scrolls of amnesia {unknown}
 B - a scroll of immolation {unknown}
 C - a scroll of enchant armour {unknown}
Potions
 f - 2 potions of lignification {unknown}
 g - a potion of cancellation {unknown}
 k - 3 potions of heal wounds {unknown}
 m - a potion of brilliance {unknown}
 r - a potion of curing {unknown}
 v - 2 potions of mutation {unknown}
 z - a potion of ambrosia {unknown}
Comestibles
 d - 12 rations


   Skills:
 + Level 5.0 Fighting
 + Level 5.1 Long Blades
 - Level 0.7 Armour
 + Level 4.4 Dodging
 + Level 5.5 Spellcasting
 + Level 5.9 Charms
 + Level 4.4 Necromancy
 + Level 4.8 Translocations


You had 11 spell levels left.
You knew the following spells:

 Your Spells              Type           Power        Failure   Level  Hunger
a - Song of Slaying       Chrm           ###.....     2%          2    ##.....
b - Infusion              Chrm           ###.         1%          1    None
r - Regeneration          Chrm/Necr      ###.......   8%          3    ###....
s - Shroud of Golubria    Chrm/Tloc      ###...       3%          2    ##.....

Your spell library contained the following spells:

 Spells                   Type           Power        Failure   Level  Hunger
 Spectral Weapon          Hex/Chrm       ##......     19%         3    ###....


Dungeon Overview and Level Annotations

Branches:
Dungeon (7/15)             Temple (1/1) D:5

Altars:
Ashenzari
Cheibriados
Elyvilon
Fedhas
Hepliaklqana
Kikubaaqudgha
Makhleb
Nemelex Xobeh
Okawaru
Ru
Trog
Vehumet
Wu Jian
Yredelemnul
Zin
The Shining One

Shops:
D:4 =   D:6 (

Annotations:
D:3 2 transporters, Masnef's ghost, amateur KoFi


Innate Abilities, Weirdness & Mutations

You have razor-sharp teeth.
Your natural rate of healing is unusually fast.
When hurt, damage is shared between your health and your magic reserves.
Your bite disrupts and absorbs the magic of your enemies.
Potions cannot restore your health.
You are immune to rotting.


Message History

The hog misses you.
You riposte.
You slash the hog! You bite the hog, but do no damage.
The hog is lightly wounded.
Your song is almost over.
The hog bites the plant.
The hog bites you but does no damage. The hog bites you.
* * * LOW HITPOINT WARNING * * *
The hog bites the plant.
The hog bites you but does no damage. The hog bites you but does no damage.
Your song has ended.
The hog misses you. The hog bites you!
* * * LOW HITPOINT WARNING * * *
Your shroud falls apart!
Casting: Shroud of Golubria (safe; 3% risk of failure)
Confirm with . or Enter, or press ? or * to list all spells.
Space distorts slightly along a thin shroud covering your body.
The hog bites you!
You die...

...#####)#...P≈♣P≈≈P.............
...# #..#...P≈P≈≈≈P.............
...#..#..#....≈.P≈.).............
...#..'..#.......................
<..#..#.%#.......#...............
...#..#%%#...†...#...............
...#######......h..##.....#......
...............hhh..####.........
..............#.@................
......^.......##.................
...##.#....##.##.................
...##.#.......##.................
......#....#####.................
......#........#................#
...............+.................
...###.........##................
#..............# ................


You could see 4 hogs.

Vanquished Creatures
  Grinder (D:6)
  Sigmund (D:6)
  Eustachio (D:5)
  A human (D:7)
  A hungry ghost (D:6)
  Duvessa (D:6)
  2 sky beasts
  A necrophage (D:7)
  2 phantoms
  2 centaurs
  An ogre (D:6)
  A big kobold (D:7)
  Blork the orc (D:6)
  Dowan (D:6)
  A howler monkey (D:6)
  2 electric eels (D:7)
  3 crimson imps
  2 jellies
  An orc priest (D:7)
  5 bullfrog skeletons
  A centaur skeleton (D:4)
  3 hounds
  An orc wizard (D:7)
  Crazy Yiuf (D:4)
  4 iguanas
  Ijyb (D:4)
  6 worker ants
  Natasha (thrice) (D:4)
  2 hound skeletons (D:4)
  2 worker ant zombies
  9 adders
  5 gnolls
  2 howler monkey skeletons (D:6)
  3 adder skeletons
  2 worms
  2 dart slugs
  7 leopard geckos
  19 orcs
  6 bats
  6 giant cockroaches
  6 goblins
  7 hobgoblins
  10 jackals (D:2)
  2 quokkas (D:4)
  2 ball pythons
  A frilled lizard (D:5)
  15 kobolds
  5 rats
164 creatures vanquished.

Notes
Turn   | Place    | Note
-------+----------+-------------------------------------------
     0 | D:1      | Arixos the Vine Stalker Skald began the quest for the Orb.
     0 | D:1      | Reached XP level 1. HP: 11/11 MP: 4/4
   460 | D:1      | Reached XP level 2. HP: 15/15 MP: 4/6
   466 | D:1      | Learned a level 2 spell: Shroud of Golubria
   874 | D:2      | Found a sparkling altar of Nemelex Xobeh.
   951 | D:2      | Reached XP level 3. HP: 14/18 MP: 7/7
  1025 | D:2      | Learned a level 2 spell: Song of Slaying
  1391 | D:2      | Found a shattered altar of Ashenzari.
  1605 | D:2      | Gained mutation: Your natural rate of healing is unusually
                  | fast. [Vine Stalker growth]
  1605 | D:2      | Reached XP level 4. HP: 9/23 MP: 1/9
  1903 | D:3      | Found a blossoming altar of Fedhas.
  1944 | D:3      | Reached skill level 1 in Translocations
  2080 | D:3      | Found a transporter.
  2082 | D:3      | Found a transporter.
  2082 | D:3      | Noticed Masnef's ghost (amateur KoFi)
  2219 | D:3      | Reached XP level 5. HP: 14/27 MP: 2/10
  2247 | D:3      | Found an iron altar of Okawaru.
  2427 | D:4      | Learned a level 3 spell: Regeneration
  2518 | D:4      | Noticed a phantom
  2558 | D:4      | Killed a phantom
  2558 | D:4      | Reached XP level 6. HP: 15/32 MP: 3/11
  2576 | D:4      | Reached skill level 1 in Necromancy
  2590 | D:4      | Found an ornate altar of the Wu Jian Council.
  2771 | D:4      | Noticed Natasha
  2790 | D:4      | Killed Natasha
  2861 | D:4      | You fall into a shaft and drop 1 floor!
  2861 | D:5      | Entered Level 5 of the Dungeon
  2935 | D:5      | Found a staircase to the Ecumenical Temple.
  2944 | Temple   | Entered the Ecumenical Temple
  2995 | Temple   | Became a worshipper of Makhleb the Destroyer
  3177 | D:5      | Noticed Eustachio
  3284 | D:5      | Reached XP level 7. HP: 26/36 MP: 7/13
  3512 | D:5      | Killed Eustachio
  3769 | D:5      | Gained mutation: You have razor-sharp teeth. [Vine Stalker
                  | growth]
  3769 | D:5      | Reached XP level 8. HP: 31/40 MP: 10/15
  4051 | D:4      | Found Doehiruq's Jewellery Shop.
  4086 | D:4      | Found a white marble altar of Elyvilon.
  4152 | D:4      | Noticed Ijyb
  4174 | D:4      | Killed Ijyb
  4191 | D:4      | Reached * piety under Makhleb
  4207 | D:4      | Found a runed translucent door.
  4208 | D:4      | Noticed Crazy Yiuf
  4216 | D:4      | Killed Crazy Yiuf
  4362 | D:4      | Noticed Natasha
  4373 | D:4      | Killed Natasha
  4492 | D:4      | Noticed Natasha
  4495 | D:4      | Killed Natasha
  4496 | D:4      | Found an ornate altar of the Wu Jian Council.
  4552 | D:6      | Noticed Dowan
  4553 | D:6      | Noticed Duvessa
  4574 | D:6      | Killed Duvessa
  4578 | D:6      | Killed Dowan
  4720 | D:6      | Noticed Sigmund
  4806 | D:6      | Killed Sigmund
  4806 | D:6      | Reached skill level 5 in Charms
  4816 | D:6      | Found Vischol's Antique Weapon Shop.
  4853 | D:6      | Reached XP level 9. HP: 45/45 MP: 17/17
  4951 | D:6      | Noticed Grinder
  4983 | D:6      | Killed Grinder
  4983 | D:6      | Reached skill level 5 in Spellcasting
  5078 | D:6      | Noticed Blork the orc
  5085 | D:6      | Killed Blork the orc
  5268 | D:7      | Reached ** piety under Makhleb
  5784 | D:7      | Reached skill level 5 in Long Blades
  5850 | D:7      | Reached skill level 5 in Fighting
  5871 | D:7      | Slain by a hog

Skill      XL: |  1  2  3  4  5  6  7  8  9 |
---------------+----------------------------+-----
Long Blades    | 2 3 4 5 |  5.1
Fighting       | 2 3 4 5 |  5.0
Translocations | 1 2 3 4 |  4.8
Dodging        | 2 3 4 |  4.4
Spellcasting   | 3 4 5 |  5.5
Necromancy     | 1 2 3 4 |  4.4
Charms         | 4 5 |  5.9
Armour         | |  0.7

Action                   |  1- 3 |  4- 6 |  7- 9 || total
-------------------------+-------+-------+-------++-------
Melee: Falchion          |    95 |   210 |   150 ||   455
       Bite              |    26 |    88 |   133 ||   247
       Long sword        |       |       |   200 ||   200
Throw: Dart              |       |       |    10 ||    10
 Cast: Shroud of Golubri |     7 |    24 |    49 ||    80
       Song of Slaying   |     1 |     4 |    16 ||    21
  Eat: Chunk             |     3 |     6 |    11 ||    20
       Ration            |       |     1 |     1 ||     2
Armor: Leather armour    |    22 |    59 |   176 ||   257
Dodge: Dodged            |    69 |   165 |   388 ||   622
       Rpst.: Falchion   |    32 |    54 |    66 ||   152
       Long sword        |       |       |    50 ||    50
